 Dungeon Crawl Stone Soup version 0.25.0-11-g1f837a76a1 (webtiles) character file.

Game seed: 15076641203577305147

17444 grindst0ne the Gouger (level 12, -14/58 HPs)
             Began as a Felid Transmuter on June 25, 2020.
             Was the Champion of Okawaru.
             Demolished by a troll (16 damage)
             ... on level 1 of the Orcish Mines on June 26, 2020.
             The game lasted 01:47:50 (30631 turns).

grindst0ne the Gouger (Felid Transmuter)           Turns: 30631, Time: 01:47:50

Health: -14/58     AC:  2    Str: 18    XL:     12   Next: 18%
Magic:  16/19      EV: 33    Int: 19    God:    Okawaru [******]
Gold:   696        SH:  5    Dex: 20    Spells: 9/19 levels left
                                        Lives:  0   Deaths: 3

rFire    . . .     SeeInvis +     - Unarmed
rCold    . . .     Gourm    .   (shield unavailable)
rNeg     . . .     Faith    .   (armour unavailable)
rPois    x         Spirit   .   (helmet unavailable)
rElec    .         Reflect  +   (cloak unavailable)
rCorr    .         Harm     .   (gloves unavailable)
MR       ++...                  (boots unavailable)
Stlth    ++++......             y - amulet of reflection
HPRegen  0.19/turn              k - +6 ring of strength
MPRegen  0.16/turn              f - +6 ring of strength

@: spider-form
A: tiny, no armour, no weapons or thrown items, stealth, rugged brown scales 1,
see invisible, carnivore, clumsy 1, magic resistance 1, slow metabolism 1
a: End Transformation, Heroism, Finesse, Renounce Religion


You were on level 1 of the Orcish Mines.
You worshipped Okawaru.
Okawaru was exalted by your worship.
You were not hungry.
You were a venomous arachnid creature.
You visited 4 branches of the dungeon, and saw 24 of its levels.
You also visited: Ossuary.

You collected 2007 gold pieces.
You spent 1311 gold pieces at shops.

Inventory:

Missiles
 m - 357 arrows
Jewellery
 f - a +6 ring of strength (right front leg)
 k - a +6 ring of strength (left front leg)
 r - an uncursed ring of wizardry
 s - an uncursed amulet of guardian spirit
 v - an uncursed ring of ice
 x - an uncursed amulet of the acrobat {unknown}
 y - an amulet of reflection (around neck)
 B - an uncursed ring of positive energy
 K - an uncursed ring of positive energy
 M - the amulet "Rurr" {Faith Int-4 Dex+6}
   (You found it on level 14 of the Dungeon)

   [amulet of faith]

   It allows you to gain divine favour quickly.
   It affects your intelligence (-4).
   It affects your dexterity (+6).
 O - an uncursed ring of resist corrosion {unknown}
Wands
 a - a wand of flame (4)
 F - a wand of random effects (14)
 I - a wand of polymorph (7)
Scrolls
 b - 5 scrolls of teleportation
 j - 8 scrolls of remove curse
 n - a scroll of fog
 o - 3 scrolls of magic mapping
 p - 2 scrolls of amnesia
 q - 4 scrolls of fear
 A - 2 scrolls of identify
 E - a scroll of blinking
 H - a scroll of holy word
 L - a scroll of vulnerability
Potions
 d - 2 potions of magic
 g - 2 potions of mutation
 i - 4 potions of flight
 l - a potion of berserk rage
 t - 4 potions of cancellation
 u - a potion of resistance
 w - 3 potions of might
 z - a potion of lignification
 J - 5 potions of stabbing
Comestibles
 c - 45 rations


   Skills:
 + Level 9.4 Fighting
 + Level 12.4 Dodging
 + Level 7.0 Stealth
 * Level 13.6 Unarmed Combat
 - Level 4.0 Spellcasting
 + Level 10.7 Transmutations
 * Level 6.6 Ice Magic
 - Level 2.0 Poison Magic
 + Level 9.0 Invocations
 + Level 7.0 Evocations


You had 9 spell levels left.
You knew the following spells:

 Your Spells              Type           Power        Failure   Level  Hunger
a - Beastly Appendage     Tmut           #####.       1%          1    None
b - Sticks to Snakes      Tmut           #####...     2%          2    ##.....
c - Spider Form           Tmut/Pois      ####......   11%         3    ###....
d - Ice Form              Ice/Tmut       #####...     12%         4    ####...

Your spell library contained the following spells:

 Spells                   Type           Power        Failure   Level  Hunger
 Blade Hands              Tmut           #####.....   14%         5    ######.
 Animate Skeleton         Necr           N/A          32%         1    None
 Apportation              Tloc           #.....       32%         1    None
 Corona                   Hex            #......      32%         1    None
 Sandblast                Erth           #.....       32%         1    None
 Shock                    Conj/Air       #...         32%         1    None
 Summon Small Mammal      Summ           #...         32%         1    None
 Petrify                  Tmut/Erth      ###.....     34%         4    ####...
 Song of Slaying          Chrm           #.......     41%         2    ##.....
 Swiftness                Chrm/Air       #.......     41%         2    ##.....
 Confusing Touch          Hex            #.......     61%         3    ###....
 Gell's Gravitas          Tloc           #.........   61%         3    ###....
 Static Discharge         Conj/Air       #.......     61%         3    ###....
 Stone Arrow              Conj/Erth      #.....       61%         3    ###....
 Irradiate                Conj/Tmut      ###.......   61%         5    ######.
 Yara's Violent Unravell  Hex/Tmut       ###.......   61%         5    ######.
 Metabolic Englaciation   Hex/Ice        ###.......   86%         5    ######.
 Airstrike                Air            #.........   92%         4    ####...
 Summon Lightning Spire   Summ/Air       #.......     92%         4    ####...
 Dragon Form              Tmut           #####.....   92%         7    #######
 Lightning Bolt           Conj/Air       #.........   99%         5    ######.
 Summon Forest            Summ/Tloc      #.........   99%         5    ######.
 Summon Mana Viper        Hex/Summ       #.......     99%         5    ######.


Dungeon Overview and Level Annotations

Branches:
Dungeon (15/15)            Temple (1/1) D:5            Lair (6/6) D:10
 Shoals (0/4) Lair:2       Spider (0/4) Lair:3        Slime (0/5) Lair:5
    Orc (2/2) D:10         Vaults (0/5) D:14        Ossuary (visited)
    Elf: Orc:2       Depths: D:15

Altars:
Ashenzari
Cheibriados
Dithmenos
Elyvilon
Fedhas
Gozag
Hepliaklqana
Kikubaaqudgha
Makhleb
Nemelex Xobeh
Okawaru
Qazlal
Ru
Sif Muna
Trog
Uskayaw
Vehumet
Wu Jian
Xom
Yredelemnul
Zin
The Shining One
Beogh

Shops:
D:5 [   D:6 [   D:11 ==[}?   D:13 (

Annotations:
D:1 exclusion: downstairs
D:3 1 runed translucent door, exclusion: downstairs, LaGuigne83's ghost, amateur DrFE
D:6 exclusion: downstairs
D:7 exclusion: downstairs
D:8 Harold
D:12 exclusion: downstairs
D:15 1 exclusion
Lair:4 exclusion: 2 oklob plants
Orc:2 1 runed translucent door, Josephine


Innate Abilities, Weirdness & Mutations

You cannot wear armour.
You are incapable of wielding weapons or throwing items.
Your paws allow you to move quietly. (Stealth)
((You have sharp claws.))
((You have razor-sharp teeth.))
You have supernaturally acute eyesight. (SInv)
You are carnivorous and can eat meat at any time.
((You cover ground quickly.))
((Your thick and shaggy fur keeps you warm. (AC +3, rC+)))
You have a slow metabolism.
((Your sharp claws are effective at attacking unaware monsters.))
(You are partially covered in rugged brown scales. (AC +1, +3% HP))
You are clumsy. (Dex -2)
You are resistant to hostile enchantments. (MR+)


Message History

The ogre completely misses you.
Your adder bites the orc warrior.
The orc warrior completely misses you.
The orc warrior closely misses your adder.
You climb upwards.
An orc comes into view. It is wielding a +0 flail.
The troll closely misses you. The troll completely misses you.
The troll closely misses you. The orc completely misses you.
The orc sorcerer casts a spell at you.
The bolt of fire hits the orc!!
The orc dies!
The bolt of fire hits you!!
* * * LOW HITPOINT WARNING * * *
The troll completely misses you. The troll closely misses you.
The troll completely misses you.
There is a stone staircase leading down here.
You maul the ogre!!
The ogre is poisoned.
The ogre is severely wounded.
The orc sorcerer gestures at you while chanting.
You resist with almost no effort. The troll bites you!
You die...

......#...........#............##
#....#..[(##...........##......#
#.........##....................
##.†o.)[.###...................
###SC.o.....##........._..#......
#o.....[<[[.)#...#....[.........#
.o.S.^##.).).o.o##.............##
.....###.#.....TO###..........##
..#### #.##oo..)s# #..#....#.##
.. ###....#### ####....### $.
##.#....#.# #....## #.
#.........### ##..## ##
##..........## ####
###......#.....###
#......####......#
##.....###......#.#
#....###.......#


You could see a troll, an orc sorcerer, an orc warrior (strong), an ogre (very
poisoned), an orc priest and an orc.

Vanquished Creatures
  Fannar (D:10)
  A hydra (D:13)
  A vault guard (D:14)
  3 centaur warriors
  2 catoblepae
  4 two-headed ogres
  3 unseen horrors
  5 wizards (D:14)
  A necromancer (D:14)
  A deep elf mage (D:14)
  An orc sorcerer (Orc:1)
  13 ugly things
  3 cyclopes (D:15)
  A manticore (Lair:2)
  An elephant (D:10)
  5 black mambas
  A torpor snail (Lair:4)
  Maurice (D:7)
  A kobold demonologist (D:13)
  2 gargoyles
  5 spiny frogs
  4 yaktaurs (D:15)
  Maggie (D:8)
  A rime drake (Lair:6)
  4 komodo dragons
  A merfolk (shapeshifter) (D:14)
  7 trolls
  Grinder (D:4)
  4 slime creatures (D:14)
  Prince Ribbit (D:8)
  8 hippogriffs
  2 blink frogs (Lair:2)
  A meliai zombie (D:15)
  3 wyverns
  4 wraiths
  3 basilisks
  18 humans (D:14)
  A vampire (D:11)
  2 hungry ghosts
  29 yaks
  5 vampire mosquitoes
  Menkaure (D:4)
  5 wargs
  A soldier ant (D:13)
  9 water moccasins
  2 acid dragons (D:14)
  12 porcupines
  6 sky beasts
  A phantom (D:8)
  4 ice beasts
  16 orc warriors
  11 ogres
  9 wolves
  7 crocodiles
  21 centaurs
  16 bullfrogs
  A water moccasin zombie (D:8)
  2 scorpions
  A water moccasin skeleton (D:8)
  10 wights
  6 killer bees
  6 crimson imps
  2 howler monkeys (D:11)
  A bullfrog zombie (D:10)
  2 centaur zombies
  2 quasits
  3 bullfrog skeletons
  14 jellies
  A gnoll shaman (D:10)
  8 orc priests
  7 hounds
  10 orc wizards
  4 centaur skeletons
  2 iguanas (D:6)
  8 worker ants
  A hound zombie (D:6)
  A hound skeleton (D:6)
  5 mummies (Ossuary)
  A worker ant zombie (D:5)
  Robin (D:2)
  14 adders
  4 gnolls (D:10)
  4 shadow imps
  2 oozes
  2 adder skeletons
  An adder zombie (D:8)
  2 worms
  4 dart slugs
  5 leopard geckos
  41 orcs
  6 bats
  3 giant cockroaches
  2 gnoll zombies (Ossuary)
  13 goblins
  6 hobgoblins
  19 jackals
  4 kobolds
  2 quokkas
  A ball python (D:7)
  5 frilled lizards
  A hobgoblin zombie (Ossuary)
  2 kobold zombies (Ossuary)
  A leopard gecko skeleton (D:7)
  3 orc zombies (Ossuary)
  A quokka skeleton (D:7)
  A quokka zombie (D:3)
  5 rats
530 creatures vanquished.

Vanquished Creatures (collateral kills)
  An ettin (Orc:1)
  A hydra (Lair:4)
  A centaur warrior (D:14)
  2 spiny frogs
  A rime drake (Lair:5)
  3 blink frogs (Lair:2)
  A hippogriff (Lair:1)
  Sigmund (D:3)
  3 yaks
  2 wolves (Lair:4)
  2 water moccasins
  2 ogres
  A centaur (D:14)
  A bullfrog (D:7)
  2 scorpions
  2 wights (D:7)
  A quasit (D:6)
  An orc wizard (D:7)
  A worker ant (D:4)
  3 mummies (Ossuary)
  An adder (D:2)
  An ooze (D:7)
  5 orcs
  2 goblins (D:2)
  2 hobgoblins (D:2)
  A jackal (D:2)
  A rat (D:2)
45 creatures vanquished.

Vanquished Creatures (others)
  An ugly thing (D:15)
  A wolf (Lair:4)
  An orc (Orc:1)
  13 fungi
  10 plants
26 creatures vanquished.

Grand Total: 601 creatures vanquished

Notes
Turn   | Place    | Note
-------+----------+-------------------------------------------
     0 | D:1      | grindst0ne the Felid Transmuter began the quest for the
                  | Orb.
     0 | D:1      | Reached XP level 1. HP: 9/9 MP: 4/4
   395 | D:1      | Reached XP level 2. HP: 6/12 MP: 4/6
  1481 | D:1      | Learned a level 2 spell: Sticks to Snakes
  1546 | D:2      | Reached XP level 3. HP: 15/15 MP: 2/7
  1835 | D:2      | Learned a level 3 spell: Spider Form
  2063 | D:2      | You fall into a shaft and drop 1 floor!
  2293 | D:2      | Reached skill level 4 in Unarmed Combat
  2293 | D:2      | Reached XP level 4. HP: 19/19 MP: 6/8
  2974 | D:3      | Found a runed translucent door.
  2974 | D:3      | Noticed LaGuigne83's ghost (amateur DrFE)
  3098 | D:3      | Noticed Sigmund
  3126 | D:3      | Gained mutation: You are clumsy. (Dex -2) [potion of
                  | mutation]
  3126 | D:3      | Gained mutation: You are resistant to hostile enchantments.
                  | (MR+) [potion of mutation]
  3126 | D:3      | Gained mutation: You are partially covered in rugged brown
                  | scales. (AC +1, +3% HP) [potion of mutation]
  3151 | D:3      | Killed Sigmund
  3151 | D:3      | Reached XP level 5. HP: 22/22 MP: 0/10
  3338 | D:3      | Noticed Robin
  3572 | D:2      | Killed Robin
  3925 | D:4      | Noticed Grinder
  3940 | D:4      | Killed Grinder
  3940 | D:4      | Reached skill level 5 in Unarmed Combat
  3940 | D:4      | Reached skill level 1 in Poison Magic
  3940 | D:4      | Gained mutation: You are covered in thick fur. (AC +2)
                  | [Felid growth]
  3940 | D:4      | Reached XP level 6. HP: 26/26 MP: 4/11
  4607 | D:4      | Noticed Menkaure
  4625 | D:4      | Killed Menkaure
  4625 | D:4      | Reached XP level 7. HP: 27/30 MP: 7/13
  5053 | D:5      | Entered Level 5 of the Dungeon
  5103 | D:5      | Reached skill level 5 in Dodging
  5201 | D:5      | Found Pelinuxi's Antique Armour Boutique.
  5307 | D:5      | Found a staircase to the Ecumenical Temple.
  5315 | Temple   | Entered the Ecumenical Temple
  5353 | Temple   | Became a worshipper of Warmaster Okawaru
  5485 | D:5      | Found a glowing silver altar of Zin.
  5511 | D:5      | Found a sand-covered staircase.
  5520 | Ossuary  | Entered an ossuary
  5949 | Ossuary  | Reached skill level 6 in Unarmed Combat
  6455 | D:5      | Found a snail-covered altar of Cheibriados.
  6510 | D:5      | Found a white marble altar of Elyvilon.
  6633 | D:5      | Reached skill level 1 in Invocations
  6869 | D:5      | Reached * piety under Okawaru
  6869 | D:5      | Reached XP level 8. HP: 35/35 MP: 12/14
  7300 | D:6      | Found an opulent altar of Gozag.
  7336 | D:6      | Found a snail-covered altar of Cheibriados.
  7337 | D:6      | Found a shimmering altar of Xom.
  7344 | D:6      | Found a glowing golden altar of the Shining One.
  7348 | D:6      | Found an ancient bone altar of Kikubaaqudgha.
  7406 | D:6      | Found a shadowy altar of Dithmenos.
  7630 | D:6      | Found Goomaekeu's Antique Armour Shop.
  7784 | D:6      | Reached skill level 5 in Transmutations
  8036 | D:7      | Reached skill level 7 in Unarmed Combat
  8150 | D:7      | Reached ** piety under Okawaru
  8413 | D:7      | Reached skill level 1 in Evocations
  8954 | D:7      | Reached XP level 9. HP: 40/40 MP: 14/16
  8970 | D:8      | Noticed Prince Ribbit
  8983 | D:8      | Noticed Harold
  9133 | D:8      | Noticed Maurice
  9261 | D:8      | Killed Prince Ribbit
  9270 | D:8      | Reached *** piety under Okawaru
  9660 | D:7      | Killed Maurice
  9660 | D:7      | Reached skill level 8 in Unarmed Combat
 10093 | D:8      | Noticed Maggie
 10105 | D:8      | Killed Maggie
 10105 | D:8      | Reached **** piety under Okawaru
 10501 | D:8      | Reached skill level 5 in Fighting
 10514 | D:8      | Reached XP level 10. HP: 30/45 MP: 15/17
 10883 | D:9      | Found a radiant altar of Vehumet.
 10924 | D:9      | Reached skill level 9 in Unarmed Combat
 11255 | D:9      | Found an ornate altar of the Wu Jian Council.
 11316 | D:9      | You fall into a shaft and drop 3 floors!
 11381 | D:11     | Found Imiystub's Jewellery Shoppe.
 11391 | D:11     | Bought an uncursed amulet of guardian spirit for 480 gold
                  | pieces
 11514 | D:10     | Entered Level 10 of the Dungeon
 11940 | D:10     | Noticed a two-headed ogre
 11955 | D:10     | Killed a two-headed ogre
 11955 | D:10     | Reached ***** piety under Okawaru
 12484 | D:10     | Noticed an elephant
 12565 | D:10     | Killed an elephant
 12565 | D:10     | Reached skill level 5 in Invocations
 12711 | D:10     | Found a staircase to the Lair.
 12745 | D:10     | Reached skill level 5 in Evocations
 12823 | D:10     | Found a staircase to the Orcish Mines.
 13587 | Lair:1   | Entered Level 1 of the Lair of Beasts
 13804 | Lair:1   | Noticed a spiny frog
 13830 | Lair:1   | Killed a spiny frog
 13830 | Lair:1   | Reached skill level 10 in Unarmed Combat
 13830 | Lair:1   | Reached XP level 11. HP: 23/49 MP: 5/18
 14513 | Lair:1   | Reached ****** piety under Okawaru
 15848 | Lair:2   | Noticed a five-headed hydra
 16213 | Lair:2   | Found a staircase to the Shoals.
 16224 | Lair:2   | Reached skill level 10 in Dodging
 16226 | Lair:2   | Reached skill level 11 in Unarmed Combat
 16571 | Lair:2   | Noticed a six-headed hydra
 16904 | Lair:3   | You fall into a shaft and drop 3 floors!
 16904 | Lair:6   | Entered Level 6 of the Lair of Beasts
 17499 | Lair:4   | Gained mutation: Your thick and shaggy fur keeps you warm.
                  | (AC +3, rC+) [Felid growth]
 17499 | Lair:4   | Reached XP level 12. HP: 25/55 MP: 6/19
 17833 | Lair:4   | Noticed a seven-headed hydra
 18561 | Lair:3   | Found a hole to the Spider Nest.
 18857 | Lair:4   | Slain by a seven-headed hydra
 18858 | Lair:4   | Reached XP level 11. HP: -3/51 MP: 0/18
 18859 | Lair:4   | Killed a seven-headed hydra
 19147 | Lair:4   | Learned a level 4 spell: Ice Form
 19180 | Lair:5   | Noticed a catoblepas
 19496 | Lair:5   | Killed a catoblepas
 19496 | Lair:5   | Reached skill level 12 in Unarmed Combat
 19496 | Lair:5   | Reached skill level 1 in Ice Magic
 19830 | Lair:4   | Reached skill level 1 in Stealth
 20064 | Lair:5   | Found a staircase to the Slime Pits.
 20477 | Lair:6   | Noticed a seven-headed hydra
 20641 | D:11     | Noticed a red ugly thing
 20910 | D:11     | Found Jiusal Diuz's Magic Scroll Emporium.
 20913 | D:11     | Bought a scroll of teleportation for 45 gold pieces
 20925 | D:11     | Bought a scroll of identify for 30 gold pieces
 20925 | D:11     | Bought a scroll of identify for 30 gold pieces
 20925 | D:11     | Bought a scroll of identify for 30 gold pieces
 20927 | D:11     | Found Vetav's Gadget Boutique.
 20936 | D:11     | Bought a wand of iceblast (7) for 132 gold pieces
 20936 | D:11     | Bought a wand of paralysis (8) for 120 gold pieces
 20936 | D:11     | Bought a wand of clouds (4) for 288 gold pieces
 20936 | D:11     | Bought a wand of iceblast (9) for 156 gold pieces
 20953 | D:11     | Found Pomenweamy's Jewellery Boutique.
 20966 | D:11     | Found Bisa's Antique Armour Shoppe.
 21086 | D:11     | Reached XP level 12. HP: 56/56 MP: 13/19
 22086 | D:12     | Found a basalt altar of Yredelemnul.
 22251 | D:12     | Identified the Grimoire of Boosting Moulding
 22470 | D:13     | Found an ornate altar of the Wu Jian Council.
 22722 | D:13     | Noticed a centaur warrior
 22833 | D:13     | Killed a centaur warrior
 23254 | D:13     | Noticed a six-headed hydra
 23260 | D:13     | Killed a six-headed hydra
 23538 | D:13     | Found Tidot's Antique Weapon Emporium.
 23835 | D:13     | Noticed a two-headed ogre
 23843 | D:13     | Killed a two-headed ogre
 24505 | Orc:1    | Entered Level 1 of the Orcish Mines
 24505 | Orc:1    | Noticed Fannar
 24558 | D:10     | Killed Fannar
 24734 | Orc:1    | Reached skill level 10 in Transmutations
 24960 | Orc:1    | Noticed a two-headed ogre
 24963 | Orc:1    | Noticed an ettin
 24972 | Orc:1    | Killed a two-headed ogre
 25172 | Orc:1    | Found a roughly hewn altar of Beogh.
 25381 | Orc:2    | Entered Level 2 of the Orcish Mines
 25381 | Orc:2    | Noticed an ettin
 25514 | D:14     | Noticed a two-headed ogre
 25530 | D:14     | Reached XP level 13. HP: 36/60 MP: 11/20
 25712 | D:14     | Reached skill level 5 in Stealth
 25731 | D:14     | Reached skill level 13 in Unarmed Combat
 25731 | D:14     | Reached skill level 5 in Ice Magic
 26084 | D:14     | Identified Iquroipuo's Papyrus of Combed Thunderclap
 26116 | D:14     | Identified the Handbook of Plaster Cramp
 26123 | D:14     | Identified Sif Muna's Tome of Axaxaxas mlö
 26505 | D:14     | Got a brightly glowing silver amulet
 26510 | D:14     | Identified the amulet "Rurr" {Faith Int-4 Dex+6} (You found
                  | it on level 14 of the Dungeon)
 26515 | D:14     | Found a gate to the Vaults.
 28402 | D:15     | Entered Level 15 of the Dungeon
 29094 | D:15     | Noticed a fire dragon
 29094 | D:15     | Noticed a fire dragon
 29355 | D:15     | Reached XP level 14. HP: 60/65 MP: 1/21
 29752 | D:15     | Found a shattered altar of Ashenzari.
 30419 | Orc:1    | Killed from afar by an orc sorcerer
 30420 | Orc:1    | Reached XP level 13. HP: -24/73 MP: 17/20
 30434 | Orc:1    | Killed an ettin
 30444 | Orc:2    | HP: 1/73 [centaur/arrow (15)]
 30452 | Orc:2    | HP: 2/73 [centaur/arrow (6)]
 30574 | Orc:2    | Noticed Josephine
 30610 | Orc:2    | Mangled by a wraith
 30611 | Orc:2    | Reached XP level 12. HP: -6/87 MP: 19/19
 30620 | Orc:2    | Found a runed translucent gate.
 30630 | Orc:1    | HP: 1/58 [orc sorcerer/bolt of fire (20)]
 30631 | Orc:1    | Demolished by a troll

Illustrated notes

Levels and vault maps discovered:
D:1:      dpeg_arrival_snail, layout_basic
D:2:      layout_loops_cross, first_ration
D:3:      layout_rooms, gammafunk_ghost_grave, minmay_increasing_density,
          uniq_sigmund, uniq_robin
D:4:      layout_loops_ring, uniq_grinder, uniq_menkaure
D:5:      layout_loops_cross, elyvilon_altar_4, lemuel_doored_altar,
          minmay_temple_entry_tees, serial_shops, nicolae_shop_crystal,
          nicolae_ossuary_entry_monument, kennysheep_slug_shrine
D:6:      layout_cave_pools, minitemple,
          nicolae_gozag_cash_rules_everything_around_me, serial_shops,
          nicolae_shop_overgrown_old_shop, nicolae_dithmenos_shadow_blocks
D:7:      layout_cave_pools, grunt_ogre_cave
D:8:      layout_cave_pools, uniq_maurice, uniq_harold, uniq_maggie,
          uniq_prince_ribbit1
D:9:      layout_rooms, lemuel_round_altar, lemuel_crystal_altar,
          minmay_misc_feat_ornament, hangedman_decor_lopped
D:10:     layout_stronghold, david_lair_generic, minmay_orc_entry_guard_dogs,
          kennysheep_generic_room_3
D:11:     layout_irregular_city, serial_shops, nicolae_shop_waterfront, shop,
          shop_fountains, shop_coins, shop
D:12:     layout_gridville, basic_altar
D:13:     layout_rooms, serial_shops, kennysheep_mini_moat, basic_altar
D:14:     layout_gridville, grunt_vaults_entry_tiered,
          bh_hangedman_babel_library
D:15:     grunt_enter_depths_hoard, layout_basic, ashenzari_altar_1
Temple:   oiseaux_autumnal_temple
Lair:1:   layout_cave_pods
Lair:2:   layout_regular_city, minmay_shoals_entry_beasts, grunt_megastairs_3
Lair:3:   layout_chaotic_city, dummy_spider_entry
Lair:4:   beast_lair_carwin_large_3, layout_concentric_octagons,
          lemuel_fruit_fields, grunt_megastairs_2, serial_bayou_shore_a,
          minmay_lair_oklob_chamber
Lair:5:   layout_gridlike, minmay_slime_entry_jelly_boxes
Lair:6:   minmay_lair_end_frog_pond, layout_layer_cave
Orc:1:    layout_diamond_mine, basic_altar, uniq_fannar
Orc:2:    st_orc_rangers, layout_caves, basic_altar, serial_shops, shop_statue,
          biasface_ghost_orc_armoury, uniq_rupert, uniq_josephine

Skill      XL: |  1  2  3  4  5  6  7  8  9 10 11 12 13 |
---------------+----------------------------------------+-----
Dodging        | 3 4 5 6 7 9 11 12 | 12.4
Unarmed Combat | 4 5 6 7 8 10 12 13 | 13.6
Transmutations | 3 4 5 6 7 8 10 | 10.7
Spellcasting   | 3 4 |  4.0
Poison Magic   | 1 2 |  2.0
Fighting       | 2 3 5 6 8 9 |  9.4
Invocations    | 1 2 4 5 6 8 9 |  9.0
Evocations     | 1 3 5 7 |  7.0
Ice Magic      | 2 4 6 |  6.6
Stealth        | 2 4 7 |  7.0

Action                   |  1- 3 |  4- 6 |  7- 9 | 10-12 | 13-15 || total
-------------------------+-------+-------+-------+-------+-------++-------
Melee: Unarmed           |   118 |    66 |   306 |   794 |   326 ||  1610
       Bite              |    12 |     3 |    33 |     7 |       ||    55
       Headbutt          |    10 |    14 |    43 |    15 |       ||    82
       Punch             |     1 |     3 |     7 |     1 |     1 ||    13
 Cast: Beastly Appendage |    26 |    21 |    72 |    15 |       ||   134
       Sticks to Snakes  |     4 |    19 |    66 |   106 |    37 ||   232
       Spider Form       |       |       |     8 |    92 |    13 ||   113
       Ice Form          |       |       |       |    34 |    22 ||    56
Invok: Heroism           |       |       |     1 |    11 |     7 ||    19
       Finesse           |       |       |       |     3 |     1 ||     4
 Abil: End Transformatio |       |       |       |     2 |       ||     2
Evoke: Wand              |       |       |     6 |    42 |    17 ||    65
  Use: Scroll            |     4 |     8 |     4 |    23 |     5 ||    44
       Potion            |     1 |     4 |     5 |    13 |    14 ||    37
 Stab: Sleeping          |     3 |     6 |     1 |     4 |     4 ||    18
       Distracted        |       |       |     5 |     9 |     1 ||    15
       Paralysed         |       |       |       |     5 |    17 ||    22
  Eat: Chunk             |    11 |     5 |    15 |    55 |    14 ||   100
Armor: Skin              |     2 |    11 |    19 |    33 |    63 ||   128
Dodge: Dodged            |    98 |    53 |   300 |   756 |   216 ||  1423
Block: Other             |       |       |    43 |    37 |    61 ||   141
       Reflection        |       |       |     2 |     5 |    16 ||    23
